 Dungeon Crawl Stone Soup version 0.22-a0-3-g4fa69d9 (webtiles) character file.

79 wazuzu the Chopper (level 4, -6/40 HPs)
             Began as a Deep Dwarf Fighter on Jan 1, 2018.
             Mangled by a wyvern zombie (7 damage)
             ... on level 3 of the Dungeon.
             The game lasted 00:04:47 (1427 turns).

wazuzu the Chopper (Deep Dwarf Fighter)             Turns: 1427, Time: 00:04:48

Health: -6/40      AC:  6    Str: 20    XL:     4   Next: 17%
Magic:  4/4        EV:  9    Int:  9    God:
Gold:   70         SH:  0    Dex: 16    Spells: 2/3 levels left

rFire    . . .     SeeInvis .   a - +1 war axe
rCold    . . .     Gourm    .   (no shield)
rNeg     . . .     Faith    .   b - +0 scale mail
rPois    .         Spirit   .   (no helmet)
rElec    .         Reflect  .   j - scarf {repulsion}
rCorr    .         Harm     .   (no gloves)
MR       .....                  (no boots)
Stlth    ..........             (no amulet)
HPRegen  0.00/turn              g - +4 ring of dexterity
MPRegen  0.09/turn              (no ring)

@: non-regenerating, repel missiles
A: damage resistance, heal wounds, sense surroundings 1, no regeneration
a: Heal Wounds


You were on level 3 of the Dungeon.
You were not hungry.

You visited 1 branch of the dungeon, and saw 3 of its levels.

You collected 70 gold pieces.

Inventory:

Hand Weapons
 a - a +1 war axe (weapon)
Armour
 b - a +0 scale mail (worn)
 c - a +0 shield
 j - a scarf of repulsion (worn)
Jewellery
 g - a +4 ring of dexterity (left hand)
 o - an uncursed ring of protection from fire {unknown}
Scrolls
 h - 4 scrolls of identify {unknown}
 i - 2 scrolls of remove curse {unknown}
 m - a scroll of fear {unknown}
 p - a scroll of magic mapping {unknown}
 q - a scroll of immolation {unknown}
 r - 2 scrolls of blinking {unknown}
Potions
 d - a potion of might
 e - 2 potions of degeneration {unknown}
 k - 2 potions of haste {unknown}
 l - a potion of flight {unknown}
Books
 s - a book of Cantrips

   Spells                             Type                      Level
   a - Confusing Touch                Hexes                        1
   b - Animate Skeleton               Necromancy                   1
   c - Summon Small Mammal            Summoning                    1
   d - Apportation                    Translocation                1
Comestibles
 f - 2 rations
 n - 2 chunks of flesh


   Skills:
 - Level 2.6 Fighting
 + Level 4.9 Axes
 - Level 3.2 Armour
 - Level 0.4 Dodging
 - Level 3.2 Shields


You had 2 spell levels left.
You knew the following spells:

 Your Spells              Type           Power        Failure   Level  Hunger
a - Apportation           Tloc           #.....       75%         1    ##.....


Dungeon Overview and Level Annotations

Branches:
Dungeon (3/15)

Altars:


Innate Abilities, Weirdness & Mutations

You are resistant to damage.
You can heal yourself by infusing magical energy.
You passively map a small area around you.
You do not regenerate.


Message History

You see here a bat corpse.
You butcher the bat corpse.
n - 2 chunks of flesh (gained 1)
You see here a bat skeleton.
r - 2 scrolls labeled OLEABU FEEZALL (gained 1)
You now have 70 gold pieces (gained 12).
A wyvern zombie comes into view.
A wyvern zombie is nearby!
You are too injured to fight recklessly!
You barely miss the wyvern zombie. The wyvern zombie bites you! x2
* * * LOW HITPOINT WARNING * * *
You hit the wyvern zombie.
The wyvern zombie is lightly damaged.
The wyvern zombie bites you.
* * * LOW HITPOINT WARNING * * *
The wyvern zombie barely misses you.
You hit the wyvern zombie.
The wyvern zombie is lightly damaged.
The wyvern zombie bites you!
You die...

* #########
#.....Z.# , *#@# ,
#.####### *
#........ , ,
###.#######* * , ,
#......# #.#....# *
#.#.##### * *,
#.#.....# * *
#.#.###.############


You could see a wyvern zombie.

Vanquished Creatures
  An adder (D:2)
  An adder zombie (D:1)
  A worm (D:2)
  2 dart slugs (D:1)
  A leopard gecko (D:1)
  12 bats
  3 giant cockroaches
  6 goblins
  6 hobgoblins
  2 quokkas (D:2)
  A ball python (D:1)
  A ball python zombie (D:1)
  4 frilled lizards (D:2)
  6 kobolds
  16 rats
63 creatures vanquished.

Notes
Turn   | Place    | Note
-------+----------+-------------------------------------------
     0 | D:1      | wazuzu the Deep Dwarf Fighter began the quest for the Orb.
     0 | D:1      | Reached XP level 1. HP: 20/20 MP: 1/1
    59 | D:1      | Reached skill level 3 in Axes
    59 | D:1      | Reached XP level 2. HP: 25/27 MP: 2/2
   507 | D:1      | Reached XP level 3. HP: 26/33 MP: 3/3
   786 | D:2      | Reached skill level 4 in Axes
  1036 | D:2      | Reached XP level 4. HP: 26/40 MP: 4/4
  1241 | D:2      | Learned a level 1 spell: Apportation
  1426 | D:3      | HP: 1/40 [wyvern zombie (5)]
  1427 | D:3      | Mangled by a wyvern zombie

Vault maps used:
D:1:      saegor_arrival_fortress, grunt_decor_cap, st_stairs_12
D:3:      cheibrodos_helix_gallery, gammafunk_temple_overflow_wave, minivault_14

Skill      XL: |  1  2  3 |
---------------+----------+-----
Axes           | 3 4 |  4.9
Fighting       | |  2.6
Armour         | |  3.2
Dodging        | |  0.4
Shields        | |  3.2

Action                   |  1- 3 |  4- 6 || total
-------------------------+-------+-------++-------
Melee: War axe           |   134 |    35 ||   169
 Abil: Heal Wounds       |     1 |       ||     1
  Use: Scroll            |     1 |       ||     1
  Eat: Chunk             |     1 |     1 ||     2
Armor: Scale mail        |    79 |    16 ||    95
Dodge: Dodged            |    77 |    21 ||    98

Table legend:
 A = Spawn XP
 B = Non-spawn XP
 C = Spawn XP percentage of total XP
 D = Spawn monster count
 E = Non-spawn monster count
 F = Spawn count percentage of total count
 G = Total turns spent on level
                    A         B        C        D         E        F      G
               +---------+---------+-------+---------+---------+-------+---------
         Total |       0 |     114 |   0.0 |       0 |      63 |   0.0 |  1427
               +---------+---------+-------+---------+---------+-------+---------
           D:1 |       0 |      46 |   0.0 |       0 |      27 |   0.0 |   773
           D:2 |       0 |      61 |   0.0 |       0 |      31 |   0.0 |   550
           D:3 |       0 |       7 |   0.0 |       0 |       5 |   0.0 |   104
               +---------+---------+-------+---------+---------+-------+---------
